 Dungeon Crawl Stone Soup version 0.24.0-123-gd5b16e6ec5 (webtiles) character file.

Game seed: 5533543976441927190, levelgen mode: deterministic

471 manon the Grave Robber (level 6, -11/41 HPs)
             Began as a Mummy Necromancer on Jan 19, 2020.
             Killed by divine providence
             ... invoked by an orc priest
              (16 damage)
             ... on level 4 of the Dungeon.
             The game lasted 00:30:52 (5303 turns).

manon the Grave Robber (Mummy Necromancer)          Turns: 5303, Time: 00:30:53

Health: -11/41     AC:  2    Str: 11    XL:     6   Next: 83%
Magic:  14/14      EV: 12    Int: 16    God:
Gold:   184        SH:  3    Dex: 13    Spells: 10/16 levels left

rFire    x . .     SeeInvis .   a - +2 dagger (freeze)
rCold    + . .     Gourm    .   (no shield)
rNeg     + + +     Faith    .   e - +0 robe
rPois    ∞         Spirit   .   (no helmet)
rElec    .         Reflect  +   (no cloak)
rCorr    .         Harm     .   (no gloves)
MR       .....                  (no boots)
Stlth    ++........             j - +3 amulet of reflection
HPRegen  0.13/turn              (no ring)
MPRegen  0.14/turn              (no ring)

@: about to teleport
A: no food or potions, fire vulnerability, cold resistance 1, negative energy
resistance 3, torment resistance, unbreathing
a: no special abilities


You were on level 4 of the Dungeon.
You were not hungry.

You visited 1 branch of the dungeon, and saw 4 of its levels.

You collected 184 gold pieces.

Inventory:

Hand Weapons
 a - a +2 dagger of freezing (weapon)
 b - a +0 whip of electrocution
 c - a +0 whip
 k - a +0 mace
 m - a +2 vampiric short sword
Missiles
 f - 4 boomerangs
 l - 7 poisoned darts (quivered)
Armour
 e - a +0 robe (worn)
Jewellery
 j - a +3 amulet of reflection (around neck)
Wands
 n - a wand of flame (10)
Scrolls
 g - 2 scrolls of remove curse
 h - a scroll of amnesia {unknown}
 i - 3 scrolls of teleportation


   Skills:
 - Level 1.5 Dodging
 + Level 4.0 Stealth
 + Level 5.6 Spellcasting
 + Level 5.7 Necromancy
 + Level 0.0 Evocations


You had 10 spell levels left.
You knew the following spells:

 Your Spells              Type           Power        Failure   Level  Hunger
a - Pain                  Necr           ###.         1%          1    N/A
b - Animate Skeleton      Necr           N/A          1%          1    N/A
d - Animate Dead          Necr           N/A          14%         4    N/A

Your spell library contained the following spells:

 Spells                   Type           Power        Failure   Level  Hunger
 Vampiric Draining        Necr           ###.......   4%          3    N/A
 Regeneration             Chrm/Necr      Unusable     N/A         3    N/A

Dungeon Overview and Level Annotations

Branches:
Dungeon (4/15)
 Temple: D:4-7

Altars:

Shops:
D:4 (

Annotations:
D:4 exclusion: ogre


Innate Abilities, Weirdness & Mutations

You do not eat or drink.
Your flesh is vulnerable to fire.
You are immune to poison.
Your flesh is cold resistant. (rC+)
You are immune to negative energy. (rN+++)
You are immune to unholy pain and torment.
You can survive without breathing.


Message History

You throw a poisoned dart. The orc priest miscasts a cantrip.
You hear some strange, mumbled words.
A magic dart appears from out of thin air!
The magic dart hits you!
* * * LOW HITPOINT WARNING * * *
You can't drink.
As you read the scroll labeled YLUREUSHR KASO, it crumbles to dust.
You feel blessed for a moment.
It was a scroll of remove curse.
Something hits you but does no damage.
As you read the scroll labeled VOXTIPP NULOOKH, it crumbles to dust.
It is a scroll of identify.
i - 4 scrolls of teleportation Something hits you.
* * * LOW HITPOINT WARNING * * *
As you read the scroll of teleportation, it crumbles to dust.
You feel strangely unstable.
The orc priest calls down the wrath of Beogh upon you.
Beogh smites you!
You die...

# ### . #.# # #.# # #.########.#
# # #..........##################
# ########...o{@(...............
# #.))...(....#########....#####
####.#########.### #<#.##.##...
................<#####.#.##.##.##
#....##...................#.##.##
.................................
...####.###.....)..###...##..####
........).#.#...##.# ###.##..###.
..........#.#.#.##.## #.##....#.


You could see an orc priest.

Vanquished Creatures
  An ogre (D:4)
  A howler monkey (D:4)
  A crimson imp (D:2)
  An orc priest (D:4)
  2 worker ants (D:4)
  A hound skeleton (D:4)
  3 gnolls (D:3)
  7 adders
  An ooze (D:3)
  4 dart slugs
  A worm (D:3)
  3 leopard geckos
  2 orcs (D:4)
  2 giant cockroaches
  9 goblins
  6 hobgoblins
  16 jackals
  3 quokkas
  A ball python (D:3)
  18 bats
  2 frilled lizards
  A jackal skeleton (D:2)
  8 kobolds
  11 rats
105 creatures vanquished.

Vanquished Creatures (collateral kills)
  A worker ant (D:4)
  4 orcs (D:4)
  A hobgoblin (D:3)
  A jackal (D:3)
7 creatures vanquished.

Grand Total: 112 creatures vanquished

Notes
Turn   | Place    | Note
-------+----------+-------------------------------------------
     0 | D:1      | manon the Mummy Necromancer began the quest for the Orb.
     0 | D:1      | Reached XP level 1. HP: 13/13 MP: 4/4
   322 | D:1      | Reached XP level 2. HP: 19/19 MP: 4/6
   978 | D:2      | Noticed a crimson imp
  1080 | D:2      | Reached XP level 3. HP: 24/24 MP: 1/7
  1342 | D:2      | Learned a level 1 spell: Animate Skeleton
  1762 | D:2      | Reached XP level 4. HP: 30/30 MP: 10/10
  2743 | D:3      | Learned a level 4 spell: Animate Dead
  3022 | D:3      | Reached XP level 5. HP: 35/35 MP: 8/11
  3339 | D:3      | Reached skill level 5 in Necromancy
  4133 | D:4      | Noticed an ogre
  4194 | D:4      | Noticed an ogre
  4448 | D:4      | Reached skill level 5 in Spellcasting
  4448 | D:4      | Reached XP level 6. HP: 38/41 MP: 5/13
  5257 | D:4      | Found Zoor's Antique Weapon Boutique.
  5303 | D:4      | Killed from afar by an orc priest

Levels and vault maps discovered:
D:1:      dpeg_arrival_connections, layout_basic
D:2:      layout_loops_ring
D:3:      minmay_wonky_spiral, layout_basic, kennysheep_generic_room_2
D:4:      layout_basic, gammafunk_temple_overflow_statue, serial_shops,
          nicolae_shop_statue_plus

Skill      XL: |  1  2  3  4  5  6 |
---------------+-------------------+-----
Spellcasting   | 3 4 5 |  5.6
Stealth        | 2 3 4 |  4.0
Necromancy     | 5 |  5.7
Dodging        | |  1.5

Action                   |  1- 3 |  4- 6 || total
-------------------------+-------+-------++-------
Melee: Dagger            |     8 |    18 ||    26
       Mace              |     2 |       ||     2
       Whip              |       |     7 ||     7
Throw: Boomerang         |     6 |    15 ||    21
       Dart              |       |    18 ||    18
 Cast: Pain              |    84 |   115 ||   199
       Animate Skeleton  |     1 |     2 ||     3
       Animate Dead      |       |    11 ||    11
  Use: Scroll            |       |     3 ||     3
 Stab: Sleeping          |     2 |     5 ||     7
Armor: Robe              |    10 |     7 ||    17
Dodge: Dodged            |    27 |    40 ||    67
Block: Other             |       |     1 ||     1
       Reflection        |       |     1 ||     1
